AoeStats
← Chaac1706

Arabia

503407791Analyzed
1v1 RM · 1mo ago on Aug 31, 2026· 65m 29s· 2 players
Game mode
Random Map
Map size
Tiny (2 player)
Population
200
Speed
Normal
Resources
Standard
Victory
Conquest
Starting age
Dark Age
Ending age
Imperial Age
RankedLock teamsTeams togetherTeam positionsShared explorationLock speedFull tech treeHidden civsTurbo modeCheats
Victory
Defeat
🇨🇴 Muisca · Colombia
1151
+14
🇻🇪 Byzantines · Venezuela
1111
-14
Chaac1706
3:18 Loom
9:54 Feudal Age
9:58 Champi Runner
10:26 Double-Bit Axe
12:17 Horse Collar
15:08 Wheelbarrow
19:21 Castle Age
18:14 Padded Archer Armor
21:50 Bow Saw
22:02 Elite Skirmisher
27:43 Heavy Plow
27:44 Crossbowman
28:33 Town Watch
29:05 Fletching
30:16 Bodkin Arrow
30:38 Redemption
31:02 Thumb Ring
34:37 Hand Cart
37:13 Sanctity
37:04 Fervor
38:32 Squires
39:14 Champi Warrior
40:57 Scale Mail Armor
41:08 Forging
41:54 Chain Mail Armor
43:36 Iron Casting
44:29 Town Patrol
47:23 Imperial Age
45:24 Ballistics
45:14 Gold Mining
46:56 Leather Archer Armor
48:08 Bracer
47:32 Arbalester
49:20 Two-Man Saw
48:55 Crop Rotation
58:09 Conscription
58:22 Huaracas
58:35 Herbalism
59:57 Chemistry
59:03 Siege Engineers
59:09 Masonry
59:42 Elite Champi Warrior
61:56 Guard Tower
64:13 Plate Mail Armor
aurelio
5:45 Loom
10:24 Feudal Age
12:36 Double-Bit Axe
14:07 Fletching
26:30 Castle Age
25:14 Horse Collar
25:25 Gold Mining
26:54 Wheelbarrow
26:38 Crossbowman
27:33 Bodkin Arrow
27:39 Padded Archer Armor
36:24 Leather Archer Armor
36:40 Ballistics
38:16 Husbandry
37:37 Light Cavalry
38:29 Scale Barding Armor
38:34 Forging
38:39 Thumb Ring
39:28 Man-at-Arms
39:53 Gambesons
40:25 Scale Mail Armor
41:00 Iron Casting
46:26 Imperial Age
45:16 Chain Barding Armor
47:02 Arbalester
47:49 Bracer
48:20 Ring Archer Armor
47:26 Arbalester
49:19 Chemistry
53:14 Hand Cart
53:12 Bow Saw
53:02 Heavy Plow
56:42 Hussar
57:04 Elite Skirmisher
59:08 Plate Barding Armor
Connection lost

Rejoining the realm…

Still unreachable

The connection could not be restored.

Session expired

The server has moved on; the page needs a fresh start.